 Dungeon Crawl Stone Soup version 0.22.0-5-gf09313c (webtiles) character file.

340 Gergoth the Magician (level 6, -2/41 HPs)
             Began as a Mummy Fire Elementalist on Aug 13, 2018.
             Was an Initiate of Vehumet.
             Slain by a spectral orc warrior
             ... wielding a cursed -1 hand axe
             ... summoned by Nergalle
              (4 damage)
             ... on level 10 of the Dungeon.
             The game lasted 00:09:32 (3942 turns).

Gergoth the Magician (Mummy Fire Elementalist)      Turns: 3942, Time: 00:09:33

Health: -2/41      AC:  3    Str: 12    XL:     6   Next: 30%
Magic:  4/13       EV: 12    Int: 16    God:    Vehumet [......]
Gold:   67         SH:  0    Dex: 12    Spells: 2/15 levels left

rFire    + . .     SeeInvis .   q - +1 quarterstaff
rCold    + . .     Gourm    .   (shield currently unavailable)
rNeg     + + +     Faith    .   a - +0 robe
rPois    ∞         Spirit   .   (no helmet)
rElec    .         Reflect  .   r - scarf {rC+ rF+}
rCorr    .         Harm     .   h - +0 pair of gloves
MR       .....                  (no boots)
Stlth    ++........             (no amulet)
HPRegen  0.13/turn              o - ring of fire
MPRegen  0.13/turn              (no ring)

@: vulnerable, very slightly contaminated
A: no food or potions, fire vulnerability, cold resistance 1, negative energy
resistance 3, torment resistance, unbreathing
a: Renounce Religion


You were on level 10 of the Dungeon.
You worshipped Vehumet.
Vehumet was noncommittal.
You were not hungry.

You visited 2 branches of the dungeon, and saw 9 of its levels.

You collected 267 gold pieces.
You spent 200 gold pieces at shops.

Inventory:

Hand Weapons
 q - a +1 quarterstaff (weapon)
Missiles
 b - 2 throwing nets (quivered)
Armour
 a - a +0 robe (worn)
 h - a +0 pair of gloves (worn)
 r - a scarf of resistance (worn)
Jewellery
 c - an uncursed amulet of faith
 o - a ring of fire (left hand)
Scrolls
 d - a scroll of identify {@r1}
 f - a scroll of amnesia
 g - 3 scrolls of enchant weapon
 k - 2 scrolls of remove curse
 n - a scroll of magic mapping {unknown}
 p - 3 scrolls of enchant armour


   Skills:
 - Level 1.5 Dodging
 - Level 1.5 Stealth
 + Level 5.1 Spellcasting
 + Level 3.1 Conjurations
 + Level 3.9 Fire Magic


You had 2 spell levels left.
You knew the following spells:

 Your Spells              Type           Power        Failure   Level  Hunger
a - Flame Tongue          Conj/Fire      ###..        3%          1    N/A
b - Conjure Flame         Conj/Fire      ###.....     11%         3    N/A
c - Sticky Flame          Conj/Fire      ###.....     34%         4    N/A
d - Fireball              Conj/Fire      ###.......   69%         5    N/A

Your spell library contained the following spells:

 Spells                   Type           Power        Failure   Level  Hunger
 Throw Flame              Conj/Fire      ###...       5%          2    N/A
 Inner Flame              Hex/Fire       ###.....     21%         3    N/A

Dungeon Overview and Level Annotations

Branches:
Dungeon (6/15)             Temple (1/1) D:5

Altars:
Ashenzari
Cheibriados
Dithmenos
Elyvilon
Fedhas
Gozag
Hepliaklqana
Kikubaaqudgha
Makhleb
Nemelex Xobeh
Okawaru
Qazlal
Ru
Trog
Uskayaw
Vehumet
Wu Jian
Xom
Yredelemnul
Zin
The Shining One

Shops:
D:4 ?!

Annotations:
D:10 2 runed doors, Nergalle


Innate Abilities, Weirdness & Mutations

You do not eat or drink.
Your flesh is vulnerable to fire.
You are immune to poison.
Your flesh is cold resistant. (rC+)
You are immune to negative energy. (rN+++)
You are immune to unholy pain and torment.
You can survive without breathing.


Message History

Cornered, the yak turns to fight!
A wyvern comes into view.
Found a runed gate.
The wyvern hisses angrily.
Found a blackened pearl ring.
Okay, then.
As you read the scroll labeled POTZURHU TUSS, it crumbles to dust.
You speak a Word of immense power!
You are blasted by holy energy!
* * * LOW HITPOINT WARNING * * *
The spectral orc warrior convulses!
The spectral orc convulses!
You destroy the spectral orc!
It was a scroll of holy word.
The spectral orc warrior hits you but does no damage.
The wyvern bites you.
* * * LOW HITPOINT WARNING * * *
As you read the scroll labeled HOUMEK GIOPS, it crumbles to dust.
Magic quickly surges around you.
It was a scroll of vulnerability.
The wyvern barely misses you.
The spectral orc warrior hits you with a hand axe.
You die...

#......# #......#
#......# #.# #......#
#.# .# #......# #.#
.# #......# #.# #.#
#......# #.######.#
#.....@# #........#
#....lZ#####Yo.Z....#
#......Y.Y.Z.Z......#
#.......###Y.#####..#
#.......# #..# #..#
#.......# #..# #§§#
#.......# #### #§.#
#.......# #§Z#
.........# #§§#


You could see a spectral orc warrior (dazed), a yak and a wyvern.

Vanquished Creatures
  A centaur (D:3)
  A killer bee (D:10)
  3 orc wizards
  An orc priest (D:3)
  2 adders
  2 oozes (D:1)
  2 worms
  3 dart slugs
  2 leopard geckos
  10 orcs
  6 bats
  2 goblins (D:1)
  8 hobgoblins
  7 kobolds
  A quokka (D:3)
  2 ball pythons (D:2)
  5 frilled lizards
  4 rats
62 creatures vanquished.

Notes
Turn   | Place    | Note
-------+----------+-------------------------------------------
     0 | D:1      | Gergoth the Mummy Fire Elementalist began the quest for the Orb.
     0 | D:1      | Reached XP level 1. HP: 13/13 MP: 4/4
    56 | D:1      | Reached skill level 1 in Conjurations
   198 | D:1      | Reached skill level 3 in Spellcasting
   198 | D:1      | Reached XP level 2. HP: 19/19 MP: 3/6
   591 | D:1      | Reached XP level 3. HP: 24/24 MP: 4/7
  1007 | D:2      | You fall through a shaft!
  1128 | D:2      | Learned a level 3 spell: Conjure Flame
  1680 | D:2      | Reached skill level 4 in Spellcasting
  1680 | D:2      | Reached XP level 4. HP: 7/30 MP: 1/10
  2304 | D:3      | Reached XP level 5. HP: 35/35 MP: 9/11
  2868 | D:3      | Noticed a centaur
  2876 | D:3      | Killed a centaur
  2876 | D:3      | Reached skill level 5 in Spellcasting
  2876 | D:3      | Reached XP level 6. HP: 8/41 MP: 6/13
  2884 | D:3      | Learned a level 4 spell: Sticky Flame
  2890 | D:3      | Learned a level 5 spell: Fireball
  3479 | D:4      | Found Roqauro's Distillery.
  3534 | D:4      | Found Geneepta's Magic Scroll Emporium.
  3552 | D:4      | Bought a scroll of identify for 20 gold pieces
  3552 | D:4      | Bought 2 scrolls of enchant armour for 150 gold pieces
  3552 | D:4      | Bought a scroll of random uselessness for 10 gold pieces
  3552 | D:4      | Bought a scroll of identify for 20 gold pieces
  3618 | D:4      | You fall through a shaft for 2 floors!
  3693 | D:5      | Entered Level 5 of the Dungeon
  3704 | D:5      | Found a staircase to the Ecumenical Temple.
  3713 | Temple   | Entered the Ecumenical Temple
  3773 | Temple   | Became a worshipper of Vehumet
  3889 | D:5      | You fall through a shaft for 2 floors!
  3908 | D:7      | You fall through a shaft for 3 floors!
  3908 | D:10     | Entered Level 10 of the Dungeon
  3908 | D:10     | Noticed Nergalle
  3908 | D:10     | Noticed a yak
  3908 | D:10     | Noticed a yak
  3908 | D:10     | Noticed a yak
  3936 | D:10     | Noticed a wyvern
  3937 | D:10     | Found a runed gate.
  3937 | D:10     | Found a runed gate.
  3941 | D:10     | HP: 2/41 [wyvern (4)]
  3942 | D:10     | Slain by a spectral orc warrior

Skill      XL: |  1  2  3  4  5  6 |
---------------+-------------------+-----
Conjurations   | 1 2 3 |  3.1
Spellcasting   | 3 4 5 |  5.1
Fire Magic     | 3 |  3.9
Dodging        | |  1.5
Stealth        | |  1.5

Action                   |  1- 3 |  4- 6 || total
-------------------------+-------+-------++-------
Melee: Quarterstaff      |       |     1 ||     1
 Cast: Flame Tongue      |    74 |    73 ||   147
       Sticky Flame      |       |     1 ||     1
  Use: Scroll            |     1 |    14 ||    15
Armor: Robe              |     8 |     9 ||    17
Dodge: Dodged            |    19 |    42 ||    61
